 Dungeon Crawl Stone Soup version 0.26-a0-774-g1415c89e12 (webtiles) character file.

Game seed: 18243764244790986300

11732 Decritt the Nimble (level 12, -6/71 HPs)
             Began as a Kobold Hunter on Nov 9, 2020.
             Was a Follower of Dithmenos.
             Mangled by a gargoyle
             ... wielding a +0 mace
              (23 damage)
             ... on level 11 of the Dungeon.
             The game lasted 01:14:17 (19448 turns).

Decritt the Nimble (Kobold Hunter)                 Turns: 19448, Time: 01:14:18

Health: -6/71      AC: 10    Str: 16    XL:     12   Next: 11%
Magic:  0/15       EV: 25    Int: 13    God:    Dithmenos [*.....]
Gold:   719        SH: 10    Dex: 19    Spells: 11/11 levels left

rFire    . . .     SeeInvis +   a - +4 hand crossbow
rCold    . . .     Faith    .   K - +3 buckler
rNeg     . . .     Spirit   +   x - +0 steam dragon scales
rPois    .         Reflect  .   (no helmet)
rElec    .         Harm     .   v - +0 cloak
rCorr    .         Rampage  .   t - +1 pair of gloves
MR       .....                  H - +0 pair of boots
Stlth    ++++++....             i - amulet of guardian spirit
HPRegen  0.21/turn              g - +6 ring of strength
MPRegen  0.14/turn              C - ring of see invisible

@: wreathed by umbra
A: small, nightstalker 3
a: Renounce Religion


You were on level 11 of the Dungeon.
You worshipped Dithmenos.
Dithmenos was aware of your devotion.
You visited 2 branches of the dungeon, and saw 12 of its levels.

You collected 719 gold pieces.

Inventory:

Hand Weapons
 a - a +4 hand crossbow (weapon)
 b - a +2 dagger of chaos
 m - a +4 quarterstaff of chaos
 I - the +2 falchion of the Inferno {speed, +Rage MP+9 Int-3 SInv}
   (You found it on level 5 of the Dungeon)

   Attacks with this weapon are significantly faster.
   It affects your intelligence (-3).
   It affects your magic capacity (+9).
   It lets you see invisible.
   It lets you go berserk.
Missiles
 d - 27 bolts (quivered)
 h - 6 poisoned darts
Armour
 t - a +1 pair of gloves (worn)
 v - a +0 cloak (worn)
 x - +0 steam dragon scales (worn)
 H - a +0 pair of boots (worn)
 K - a +3 buckler (worn)
Jewellery
 g - a +6 ring of strength (left hand)
 i - an amulet of guardian spirit (around neck)
 w - a +4 ring of protection
 C - a ring of see invisible (right hand)
Wands
 l - a wand of enslavement (4)
 o - a wand of digging (3)
 p - a wand of iceblast (8)
 y - a wand of paralysis (7)
Scrolls
 e - 2 scrolls of fear
 f - 4 scrolls of teleportation
 k - a scroll of silence
 n - a scroll of blinking
 r - 2 scrolls of identify
 s - 6 scrolls of remove curse
 D - a scroll of fog
Potions
 c - a potion of might
 j - a potion of ambrosia
 q - 3 potions of mutation
 u - a potion of cancellation
 z - a potion of curing
 A - 3 potions of flight
 E - 2 potions of resistance
 F - 3 potions of haste


   Skills:
 + Level 6.4 Fighting
 * Level 2.1 Short Blades
 - Level 11.1 Crossbows
 - Level 4.4 Armour
 * Level 11.6 Dodging
 - Level 7.3 Stealth
 - Level 5.6 Shields
 + Level 4.3 Invocations
 + Level 5.4 Evocations


You had 11 spell levels left.
You didn't know any spells.
Your spell library contained the following spells:

 Spells                   Type           Power        Failure   Level
 Foxfire                  Conj/Fire      #...         30%         1
 Conjure Flame            Conj/Fire      #.......     67%         3
 Inner Flame              Hex/Fire       #.......     67%         3
 Sticky Flame             Conj/Fire      #.......     97%         4
 Fireball                 Conj/Fire      #.........   100%        5


Dungeon Overview and Level Annotations

Branches:
Dungeon (11/15)            Temple (1/1) D:7             Orc (0/2) D:11
   Lair: D:8-11

Altars:
Ashenzari
Dithmenos
Elyvilon
Fedhas
Gozag
Hepliaklqana
Kikubaaqudgha
Makhleb
Nemelex Xobeh
Okawaru
Qazlal
Ru
Uskayaw
Vehumet
Wu Jian
Xom
Yredelemnul
Zin

Shops:
D:6 *

Annotations:
D:11 Gastronok
Abyss:1 Edmund


Innate Abilities, Weirdness & Mutations

You are small and have problems with some larger weapons.
You are completely attuned to the shadows.


Message History

Press: ? - help, Shift-Dir - straight line, f/p - gargoyle
Aim: a gargoyle, wielding a +0 mace (almost destroyed, fast, strong, slightly transparent, slow, umbra)
Okay, then.
You hit the gargoyle but do no damage.
The gargoyle is almost destroyed.
The gargoyle hurls a stone arrow at you.
You block the stone arrow.
You are too injured to fight recklessly!
You are too injured to fight recklessly!
a - a +4 hand crossbow (weapon)
The gargoyle completely misses you.
You are too injured to fight recklessly!
Firing (i - inventory. (/) - cycle)
d - 28 bolts (quivered)
Press: ? - help, Shift-Dir - straight line, f/p - gargoyle
Aim: a gargoyle, wielding a +0 mace (almost destroyed, fast, strong, slightly transparent, slow, umbra)
You shoot a bolt.
The bolt hits the gargoyle but does no damage.
The gargoyle is almost destroyed.
The gargoyle hits you with a +0 mace!!
You die...

######### .... #........ .....
#........ ≈....# #........
≈....# ##'###### .....##
####....... .......## #########
#..........
.....#..####....@..#
#....≈≈≈...
.................9.#
#.....≈....
#.#########.#####)(#
#......≈..≈
.....##......##.#..####........
≈
####..#####...#.#.(...#.......
. ##.##..##..#.#..##.#...... .
#.#....#.##.#...).#...... .
#....##†##....###o..........#
#.#.##.#....#.# #.....#. ..#


You could see a gargoyle (fast, strong, invisible, slow).

Vanquished Creatures
  A boulder beetle (D:10)
  Erica (D:9)
  A two-headed ogre (D:10)
  A harpy (shapeshifter) (D:11)
  Pikel (D:6)
  Psyche (D:11)
  2 centaur skeletons
  3 trolls
  A slime creature (D:10)
  2 wraiths
  14 yaks
  A fire bat (D:9)
  3 steam dragons
  Menkaure (D:4)
  An acid dragon (D:11)
  A water moccasin (D:8)
  5 sky beasts
  3 phantoms
  2 orc warriors
  5 ogres
  A necrophage (D:10)
  3 centaurs
  4 lemures (D:6)
  A big kobold (D:10)
  A gnoll sergeant (D:5)
  7 bullfrogs
  3 scorpions
  2 howler monkeys
  8 killer bees
  A wight (D:10)
  3 centaur zombies
  2 bullfrog zombies
  2 jellies
  5 orc wizards
  6 orc priests
  3 hounds
  Crazy Yiuf (D:2)
  4 bullfrog skeletons
  Ijyb (D:5)
  Natasha (twice) (D:2)
  3 iguanas
  10 worker ants
  2 hound skeletons
  A hound zombie (D:10)
  12 gnolls
  10 adders
  2 shadow imps
  2 white imps
  3 ufetubi
  2 oozes
  An adder zombie (D:6)
  4 worms (D:2)
  A dart slug (D:1)
  4 leopard geckos
  35 orcs
  4 ball pythons
  6 bats
  3 giant cockroaches
  7 goblins
  5 hobgoblins
  3 jackals (D:7)
  7 quokkas
  4 frilled lizards
  A jackal zombie (D:8)
  7 kobolds
  A leopard gecko skeleton (D:5)
  5 rats
255 creatures vanquished.

Vanquished Creatures (others)
  An orc (D:11)
  14 fungi (D:6)
  32 plants
47 creatures vanquished.

Grand Total: 302 creatures vanquished

Notes
Turn   | Place    | Note
-------+----------+-------------------------------------------
     0 | D:1      | Decritt the Kobold Hunter began the quest for the Orb.
     0 | D:1      | Reached XP level 1. HP: 12/12 MP: 1/1
   697 | D:1      | Reached skill level 5 in Crossbows
   697 | D:1      | Reached XP level 2. HP: 14/18 MP: 2/2
  1456 | D:1      | Reached XP level 3. HP: 19/22 MP: 3/3
  1622 | D:2      | Found a runed translucent door.
  1625 | D:2      | Noticed Crazy Yiuf
  1638 | D:2      | Killed Crazy Yiuf
  2193 | D:2      | Reached XP level 4. HP: 27/27 MP: 4/4
  2648 | D:2      | Noticed Natasha
  2652 | D:2      | Killed Natasha
  2731 | D:2      | Reached XP level 5. HP: 27/32 MP: 3/5
  3484 | D:2      | Noticed Natasha
  3488 | D:2      | Killed Natasha
  4131 | D:3      | Reached XP level 6. HP: 27/37 MP: 3/6
  4293 | D:3      | Found a glowing silver altar of Zin.
  4296 | D:3      | Found a sacrificial altar of Ru.
  4671 | D:4      | Noticed Menkaure
  4680 | D:4      | Killed Menkaure
  4680 | D:4      | Reached XP level 7. HP: 25/42 MP: 4/7
  4901 | D:4      | Reached skill level 5 in Dodging
  5602 | D:5      | Entered Level 5 of the Dungeon
  5774 | D:5      | Reached XP level 8. HP: 48/48 MP: 8/8
  5815 | D:5      | Reached skill level 5 in Stealth
  6446 | D:5      | Noticed Edmund
  6455 | D:5      | Noticed Ijyb
  6461 | D:5      | Banished Edmund
  6461 | D:5      | Reached skill level 1 in Evocations
  6499 | D:5      | Killed Ijyb
  6842 | D:5      | Reached skill level 1 in Armour
  6927 | D:5      | Found a burning altar of Makhleb.
  7139 | D:5      | Reached skill level 5 in Fighting
  7271 | D:5      | Got an ichor-stained falchion
  7271 | D:5      | Identified the cursed +2 falchion of the Inferno {speed,
                  | +Rage MP+9 Int-3 SInv} (You found it on level 5 of the
                  | Dungeon)
  7615 | D:5      | Reached XP level 9. HP: 36/54 MP: 9/9
  7624 | D:5      | Reached skill level 1 in Shields
  8750 | D:6      | Noticed Pikel
  8774 | D:6      | Killed Pikel
 10038 | D:6      | Found Ikhood's Assorted Antiques.
 10317 | D:7      | Found a white marble altar of Elyvilon.
 10383 | D:7      | Reached XP level 10. HP: 59/59 MP: 10/10
 10634 | D:7      | Found an opulent altar of Gozag.
 11062 | D:7      | Found a blossoming altar of Fedhas.
 11173 | D:7      | Found a staircase to the Ecumenical Temple.
 11215 | Temple   | Entered the Ecumenical Temple
 11376 | Temple   | Became a worshipper of Dithmenos the Shadowed
 11829 | D:8      | Found a stormy altar of Qazlal.
 12317 | D:9      | Noticed Erica
 12334 | D:9      | Killed Erica
 13372 | D:9      | Noticed a manticore
 13822 | D:9      | Reached skill level 10 in Crossbows
 14051 | D:8      | Reached skill level 5 in Shields
 14299 | D:8      | Reached * piety under Dithmenos
 14357 | D:8      | Found a hide-covered altar of Uskayaw.
 14856 | D:9      | a manticore changed into a fire bat
 15024 | D:10     | Entered Level 10 of the Dungeon
 15099 | D:10     | Reached skill level 1 in Invocations
 15099 | D:10     | Reached XP level 11. HP: 25/63 MP: 6/11
 15327 | D:10     | Reached skill level 10 in Dodging
 16215 | D:10     | Noticed a two-headed ogre
 16217 | D:10     | Noticed a boulder beetle
 16241 | D:10     | Killed a two-headed ogre
 16481 | D:10     | Killed a boulder beetle
 16758 | D:10     | Reached ** piety under Dithmenos
 17689 | D:11     | Noticed Psyche
 17705 | D:11     | Killed Psyche
 17705 | D:11     | Reached skill level 5 in Evocations
 18013 | D:11     | Noticed Gastronok
 18749 | D:11     | Reached XP level 12. HP: 70/70 MP: 15/15
 18847 | D:11     | Found a staircase to the Orcish Mines.
 18961 | D:11     | Reached skill level 1 in Short Blades
 19160 | D:11     | Noticed an ogre mage
 19448 | D:11     | Mangled by a gargoyle

Illustrated notes

Levels and vault maps discovered:
D:1:      elethiomel_arrival_fortress_basement, layout_basic,
          serial_park_tiny_2, kennysheep_boxes
D:2:      layout_basic, serial_co_window_serial, co_window_paths_a,
          co_window_paths_b, co_window_of_opportunity_a, co_window_corner_a,
          co_window_paths_a, co_window_paths_c, co_window_cross_2,
          co_window_unsneaky_path_a, co_window_paths_c, co_window_paths_d,
          glass_columns_a, glass_columns_b, glass_columns_a, glass_columns_b,
          glass_columns_a, uniq_natasha, uniq_crazy_yiuf_cottage
D:3:      layout_loops_ring, grunt_temple_overflow_open, minmay_misc_feat_five
D:4:      layout_loops_cross, uniq_menkaure
D:5:      layout_basic, makhleb_heckhound_becter, uniq_edmund, uniq_ijyb
D:6:      kennysheep_steamy, layout_loops_ring, serial_shops, shop, uniq_pikel
D:7:      layout_loops_ring, elyvilon_altar_1, lemuel_coloured_pillars_altar,
          nicolae_gozag_seed_capital, minmay_temple_entry_glass
D:8:      layout_basic, overflow_temple_1_default,
          nicolae_qazlal_general_emergency
D:9:      layout_roguey, uniq_erica
D:10:     minmay_slanted_spiral_squares, layout_basic
D:11:     minmay_the_grid_3x2 [minmay_the_grid_holed_spiral,
          minmay_the_grid_minigrid_small_alt, minmay_the_grid_dragon_b,
          minmay_the_grid_odd_star, minmay_the_grid_fan,
          minmay_the_grid_prize_four_corners], layout_basic,
          david_lair_shrubbed, orc_david_3, uniq_psyche, uniq_gastronok
Temple:   regret_index_temple_generic_petals

Skill      XL: |  1  2  3  4  5  6  7  8  9 10 11 12 |
---------------+-------------------------------------+-----
Crossbows      | 5 6 7 8 10 11 | 11.1
Stealth        | 2 3 4 5 7 |  7.3
Dodging        | 3 4 5 7 9 11 | 11.6
Fighting       | 3 4 5 6 |  6.4
Evocations     | 1 2 5 |  5.4
Armour         | 1 4 |  4.4
Shields        | 4 5 |  5.6
Invocations    | 1 4 |  4.3
Short Blades   | 2 |  2.1

Action                   |  1- 3 |  4- 6 |  7- 9 | 10-12 || total
-------------------------+-------+-------+-------+-------++-------
Melee: Hand crossbow     |    32 |       |       |       ||    32
       Dagger            |    15 |       |       |   248 ||   263
       Quarterstaff      |     1 |    71 |   292 |   392 ||   756
 Fire: Hand crossbow     |    13 |       |     6 |   113 ||   132
Throw: Dart              |    38 |    61 |   101 |    12 ||   212
Invok: Shadow Step       |       |       |       |     2 ||     2
Evoke: Wand              |       |       |       |     3 ||     3
  Use: Scroll            |       |     9 |    11 |    16 ||    36
       Potion            |       |       |     6 |       ||     6
 Stab: Sleeping          |     1 |     2 |     3 |    22 ||    28
       Paralysed         |       |       |     6 |     3 ||     9
       Petrified         |       |       |     1 |     2 ||     3
       Petrifying        |       |       |       |     2 ||     2
       Distracted        |       |       |       |     1 ||     1
       Confused          |       |       |       |     1 ||     1
Armor: Leather armour    |    11 |    11 |    51 |       ||    73
       Steam dragon scal |       |       |     7 |   123 ||   130
Dodge: Dodged            |    46 |    58 |   270 |   757 ||  1131
Block: Buckler           |       |       |       |    83 ||    83

Table legend: (Time is in decaauts)
 A = Elapsed time spent in this place.
 B = Non-inter-level travel time spent in this place.
 C = Inter-level travel time spent in this place.
 D = Time resting spent in this place.
 E = Time spent auto-exploring this place.
 F = Levels seen in this place.
 G = Mean time per level.
                   A        B        C        D        E       F      G
               +--------+--------+--------+--------+--------+-----+--------+
         Total |  19727 |  19489 |    238 |   6951 |   8278 |  12 | 1643.9 |
       Dungeon |  19527 |  19311 |    216 |   6951 |   8117 |  11 | 1775.2 |
        Temple |    199 |    177 |     22 |      0 |    161 |   1 |  199.0 |
               +--------+--------+--------+--------+--------+-----+--------+

Top non-repeatable levels by time:
    D:10: 2920 daAuts
     D:5: 2583 daAuts
     D:9: 2457 daAuts
     D:6: 2066 daAuts
     D:2: 1955 daAuts
     D:1: 1621 daAuts
     D:7: 1584 daAuts
    D:11: 1231 daAuts
     D:8: 1050 daAuts
     D:4: 1040 daAuts
     D:3: 1017 daAuts
  Temple: 199 daAuts
